AoeStats
← ZeroFuqsGiven

Pilgrims

508560381Analyzed
4v4 RM · 8d ago on Sep 23, 2026· 34m 45s· 8 players
Game mode
Random Map
Map size
Large (8 player)
Population
200
Speed
Normal
Resources
Standard
Victory
Conquest
Starting age
Dark Age
Ending age
Imperial Age
RankedLock teamsTeams togetherTeam positionsShared explorationLock speedFull tech treeHidden civsTurbo modeCheats
Victory
Defeat
🇯🇵 Japanese · Japan
801
+14
🇺🇸 Franks · United States
708
+18
🇺🇸 Italians · United States
689
+19
🇺🇸 Poles · United States
681
+19
🇨🇦 Teutons · Canada
804
-20
🇺🇸 Varangians · United States
760
-18
🇩🇴 Danes · Dominican Republic
750
-17
🇨🇱 Mongols · Chile
690
-15
Nothing happened, go cry!
7:38 Loom
16:36 Feudal Age
17:47 Man-at-Arms
18:13 Arson
22:42 Town Watch
ZeroFuqsGiven
13:38 Feudal Age
deadeye
11:51 Loom
16:09 Feudal Age
17:33 Wheelbarrow
17:37 Horse Collar
17:49 Double-Bit Axe
Tomacho
11:36 Loom
15:29 Feudal Age
16:07 Double-Bit Axe
16:06 Horse Collar
19:29 Wheelbarrow
21:57 Stone Mining
22:03 Gold Mining
26:52 Castle Age
28:30 Hand Cart
theman17
4:49 Loom
12:19 Feudal Age
16:44 Town Watch
24:03 Castle Age
25:33 Town Patrol
25:10 Man-at-Arms
25:12 Pikeman
25:45 Fishing Lines
26:51 Gillnets
27:25 Fletching
27:38 Padded Archer Armor
biondoanthony
11:33 Feudal Age
10:07 Loom
15:08 Wheelbarrow
14:19 Loom
18:09 Horse Collar
18:34 Fishing Lines
LaCroixBoi
4:00 Loom
10:18 Feudal Age
10:28 Man-at-Arms
10:57 Fishing Lines
12:30 Double-Bit Axe
17:14 Wheelbarrow
18:32 Gold Mining
21:02 Forging
20:42 Fletching
23:15 Castle Age
21:17 Stone Mining
24:35 Gillnets
24:44 Gillnets
27:52 Scale Mail Armor
27:54 Padded Archer Armor
31:52 Treadmill Crane
32:08 Murder Holes
Lubuntu10.04LTS
3:56 Loom
13:35 Feudal Age
14:54 Fishing Lines
15:53 Wheelbarrow
20:40 Castle Age
20:35 Double-Bit Axe
20:34 Horse Collar
20:55 Fletching
21:09 Padded Archer Armor
21:18 Gillnets
21:19 Town Watch
23:32 Hand Cart
25:42 Coinage
27:57 Imperial Age
28:44 Town Patrol
28:48 Heavy Plow
Connection lost

Rejoining the realm…

Still unreachable

The connection could not be restored.

Session expired

The server has moved on; the page needs a fresh start.